 Dungeon Crawl Stone Soup version 0.24.0-35-gdb84b6a5db (webtiles) character file.

Game seed: 16256337052211945090, levelgen mode: deterministic

551928 Curus the Conqueror (level 25, -14/257 HPs)
             Began as a Minotaur Berserker on Nov 16, 2019.
             Was a High Priest of Trog.
             Hit by a large rock thrown by a stone giant (29 damage)
             ... on level 5 of the Vaults on Nov 17, 2019.
             The game lasted 05:48:32 (51293 turns).

Curus the Conqueror (Minotaur Berserker)           Turns: 51293, Time: 05:48:33

Health: -14/257    AC: 42    Str: 25    XL:     25   Next: 8%
Magic:  28/28      EV:  9    Int: 12    God:    Trog [*****.]
Gold:   1811       SH: 16    Dex: 18    Spells: 24/24 levels left

rFire    + + .     SeeInvis .   P - +6 double sword (flame)
rCold    + + .     Gourm    .   l - +3 warlock's mirror {reflect}
rNeg     . . .     Faith    .   i - +2 gold dragon scales
rPois    +         Spirit   .   n - +2 hat
rElec    .         Reflect  +   Y - scarf {rC+ rF+}
rCorr    .         Harm     .   B - -1 pair of gloves "Oqaug" {Str+3 Int+4}
MR       ++++.                  b - +1 pair of boots {Stlth+}
Stlth    ..........             H - +4 amulet of reflection
HPRegen  1.52/turn              I - ring of protection from magic
MPRegen  0.21/turn              X - ring of Robustness {AC+8}

@: regenerating, lightly drained
A: retaliatory headbutt, hooves 1, horns 2, poison resistance, screaming 1,
MP-powered wands
}: 3/15 runes: barnacled, silver, gossamer
a: Berserk, Trog's Hand, Brothers in Arms, Renounce Religion


You were on level 5 of the Vaults.
You worshipped Trog.
Trog was extremely pleased with you.
You were hungry.

You visited 7 branches of the dungeon, and saw 41 of its levels.
You also visited: Trove, Sewer and Ice Cave.

You collected 6444 gold pieces.
You spent 4633 gold pieces at shops.

Inventory:

Hand Weapons
 D - a +0 demon blade of electrocution
 P - a +6 double sword of flaming (weapon)
Armour
 b - a +1 pair of boots of stealth (worn)
 i - +2 gold dragon scales (worn)
 l - the +3 warlock's mirror (worn) {reflect}
   (You bought it in a shop on level 2 of the Orcish Mines)
 n - a +2 hat (worn)
 B - the -1 pair of gloves "Oqaug" (worn) {Str+3 Int+4}
   (You found it on level 2 of the Depths)

   It affects your strength (+3).
   It affects your intelligence (+4).
 Y - a scarf of resistance (worn)
Jewellery
 j - an uncursed ring of flight
 q - an uncursed ring of poison resistance
 v - a +4 ring of evasion
 E - an uncursed ring of positive energy
 F - an uncursed ring of protection from cold
 H - a +4 amulet of reflection (around neck)
 I - a ring of protection from magic (left hand)
 K - an uncursed ring of resist corrosion
 L - an uncursed amulet of regeneration
 M - the ring of Ikarchoh {MP+9 Dex+3}
   (You found it on level 3 of the Lair of Beasts)

   [ring of magical power]

   It affects your dexterity (+3).
   It affects your magic capacity (+9).
 Q - an uncursed ring of protection from magic
 U - a +3 ring of evasion
 W - the ring "Faoc" {Ice *Corrode rElec Str-4 Dex+8}
   (You took it off a yaktaur on level 2 of the Depths)

   [ring of ice]

   It enhances your ice magic.
   It affects your strength (-4).
   It affects your dexterity (+8).
   It makes you vulnerable to fire.
   It protects you from cold.
   It insulates you from electricity.
   It may corrode you when you take damage.
 X - the ring of Robustness (right hand) {AC+8}
   (You found it in an ice cave)

   [ring of protection]

   It affects your AC (+8).
Wands
 a - a wand of enslavement (4)
 h - a wand of disintegration (23)
 k - a wand of iceblast (29)
 u - a wand of clouds (5)
 C - a wand of paralysis (36)
 G - a wand of acid (30)
 J - a wand of scattershot (25)
 S - a wand of flame (36)
 T - a wand of polymorph (12)
 V - a wand of digging (17)
Scrolls
 e - 33 scrolls of identify
 m - 19 scrolls of remove curse
 o - 4 scrolls of blinking
 s - 2 scrolls of holy word
 y - 26 scrolls of teleportation
 z - 6 scrolls of fog
 A - 7 scrolls of magic mapping
 N - 8 scrolls of fear
 R - a scroll of brand weapon
Potions
 d - 9 potions of might
 f - 14 potions of curing
 g - 5 potions of haste
 p - 12 potions of heal wounds
 r - a potion of flight
 t - 2 potions of invisibility
 w - 7 potions of ambrosia
 x - a potion of agility
 O - a potion of magic
 Z - 3 potions of resistance
Comestibles
 c - 44 rations


   Skills:
 O Level 27(26.4) Fighting
 + Level 22.7(22.2) Long Blades
 O Level 27(26.4) Armour
 - Level 2.1(1.8) Dodging
 + Level 19.7(19.2) Shields
 - Level 8.0(7.6) Evocations


You had 24 spell levels left.
You didn't know any spells.
Your spell library was empty.

Dungeon Overview and Level Annotations

Branches:
Dungeon (15/15)            Temple (0/1) D:5            Lair (6/6) D:9
 Shoals (4/4) Lair:3       Spider (4/4) Lair:2        Slime (0/5) Lair:6
    Orc (2/2) D:9             Elf (0/3) Orc:2        Vaults (5/5) D:14
  Crypt (0/3) Vaults:2     Depths (5/5) D:15            Zot (0/5) Depths:5
  Sewer (visited)           IceCv (visited)

Altars:
Cheibriados
Dithmenos
Elyvilon
Hepliaklqana
Kikubaaqudgha
Makhleb
Nemelex Xobeh
Okawaru
Sif Muna
Uskayaw
Vehumet
Xom
Beogh

Shops:
D:6 ?   D:11 }   Orc:2 [*!(=   Shoals:3 !

Portals:
Hell: Depths:1 Depths:2 Depths:3 Depths:4 Depths:5
Abyss: Depths:4
Pandemonium: Depths:1 Depths:2 Depths:3
Ziggurat: Depths:5


Innate Abilities, Weirdness & Mutations

You reflexively headbutt those who attack you in melee.
You have a pair of horns on your head.
You have large cloven feet.
Your system is resistant to poisons. (rPois)
You occasionally shout uncontrollably at your foes.
You expend magic power (3 MP) to strengthen your wands.


Message History

The fire giant casts a spell at you.
The fireball explodes!
The fireball engulfs you. You resist.
* * * LOW HITPOINT WARNING * * *
The fireball engulfs the fire giant.
The fire giant resists.
You hear a shout! x2
You hit the fire giant.
The fire giant is moderately wounded.
The tormentor calls on the powers of darkness!
The fire giant convulses!
The deep elf demonologist convulses!
The vault guard convulses!
The deep troll convulses!
The fire giant convulses!
Your body is wracked with pain!
* * * LOW HITPOINT WARNING * * *
The stone giant throws a large rock.
The large rock barely misses you.
The fire giant hits you with a +2 great sword of flaming.
* * * LOW HITPOINT WARNING * * *
Your cyclops goes berserk!
You feel quite a bit more hungry.
You recover from your berserk rage.
The stone giant throws a large rock.
The large rock hits you!!
You die...

####
#.#####opC#####.######
#.# #uC.# .#
######.#####XCp# .#
#.....#...T)###[....#.
#.....#..)c)# .....
#.....#....p# ..2..#
#.....#(....###eC3§.#
######(#####CTp#####.
#...[)#.C..@###o.
.....#. #...(†#...C.#
....#. #..(..#.....#
...#. #........#....[#
.... #....###########
#####... #....
.......p #... ......pp
#.. ......pp #..
......pp


You could see 2 fire giants, a stone giant, a vault guard, a deep troll, a deep
elf demonologist, a sixfirhy, a tormentor and a friendly cyclops (berserk).

Vanquished Creatures
  2 juggernauts (Depths:2)
  2 ancient liches (Vaults:5)
  Margery (Vaults:2)
  Bai Suzhen (Spider:2)
  Saint Roka (Orc:1)
  3 caustic shrikes
  Xtahua (Depths:4)
  Jory (Depths:4)
  3 golden dragons
  Nikola (Spider:3)
  Arachne (Spider:3)
  5 liches
  Jorgrun (Orc:2)
  The ghost of tamionv the Wallflower, an adept GrFi of Uskayaw (Vaults:4)
  3 tentacled monstrosities (Vaults:5)
  A titan (Depths:2)
  A quicksilver dragon (Vaults:5)
  A kraken (Shoals:3)
  2 acid blobs (Depths:1)
  4 sphinxes
  A thorn hunter (Depths:1)
  Kirke (Spider:3)
  5 storm dragons
  3 shadow dragons
  5 tengu reavers
  Donald (Vaults:4)
  A draconian monk (Depths:5)
  Ilsuiw (Shoals:4)
  8 fire giants
  14 vault wardens
  2 deep elf sorcerers (Vaults:4)
  11 frost giants
  Aizul (Spider:4)
  6 ghost moths
  2 iron dragons
  A draconian scorcher (Depths:5)
  10 emperor scorpions
  14 ironheart preservers
  A war gargoyle (Vaults:2)
  The ghost of Johnny the Fencer, a journeyman TrBe of Trog (D:13)
  11 very ugly things
  25 stone giants
  8 entropy weavers
  5 vampire knights
  Azrael (Orc:2)
  A deep elf demonologist (Vaults:5)
  A black draconian (Depths:5)
  14 spark wasps
  2 white draconians (Depths:5)
  A minotaur (Vaults:4)
  2 red draconians (Depths:5)
  A yellow draconian (Depths:5)
  14 ettins
  The ghost of Hest the Carver, a journeyman TeBe of Trog (Lair:6)
  8 merfolk javelineers
  12 fire dragons
  10 yaktaur captains
  10 great orbs of eyes
  15 vault guards
  12 merfolk impalers
  12 ogre magi
  A deep elf high priest (Vaults:5)
  10 ice dragons
  7 hydras
  Fannar (Lair:1)
  4 rakshasas
  3 spriggan air magi
  The ghost of grerr the Eclecticist, a journeyman DEWz of Vehumet (Lair:3)
  4 death knights
  2 merfolk avatars
  7 merfolk aquamancers
  11 centaur warriors
  3 alligator snapping turtles (Shoals:3)
  11 deep troll earth magi
  3 satyrs
  8 tengu warriors
  A vampire mage (Depths:2)
  31 two-headed ogres
  15 deep troll shamans
  A queen ant (Spider:1)
  A dancing weapon (Lair:6)
  9 spriggan berserkers
  3 orc high priests (Orc:2)
  Sonja (Lair:1)
  5 hell knights
  4 deep elf knights
  3 iron trolls
  A sea snake (shapeshifter) (Vaults:5)
  6 skeletal warriors
  38 deep trolls
  6 shadow wraiths
  4 unseen horrors
  14 sea snakes
  A tengu zombie (Vaults:3)
  An obsidian statue (Vaults:1)
  An unseen horror (shapeshifter) (D:15)
  5 flayed ghosts
  A glowing orange brain (Vaults:3)
  A lindwurm (Lair:6)
  9 wizards
  14 ironbrand convokers
  5 phantasmal warriors
  8 deep elf archers
  4 necromancers
  30 harpies
  A harpy (shapeshifter) (Vaults:3)
  22 orc knights
  16 orb spiders
  25 wolf spiders
  12 cyclopes
  14 fauns
  22 deep elf magi
  A shining eye (shapeshifter) (Depths:3)
  4 oklob plants
  15 manticores
  A mana viper (shapeshifter) (Vaults:5)
  5 orc sorcerers
  A stone giant zombie (Depths:1)
  A moth of wrath (Spider:4)
  A wolf spider (shapeshifter) (Depths:3)
  A cyclops (shapeshifter) (D:15)
  A sphinx skeleton (Vaults:3)
  46 ugly things
  A fire giant zombie (Depths:1)
  2 salamanders (shapeshifter)
  A salamander (Depths:2)
  10 merfolk sirens
  14 vault sentinels
  5 black mambas
  4 centaur zombies
  2 ice statues (IceCv)
  Maurice (Orc:2)
  A guardian serpent (shapeshifter) (Vaults:1)
  A spiny frog (shapeshifter) (Vaults:4)
  A black mamba (shapeshifter) (D:13)
  2 molten gargoyles (Lair:6)
  A torpor snail (Spider:4)
  9 spiny frogs
  5 spectral swamp worms (Depths:5)
  A gargoyle (D:11)
  6 water nymphs
  A spriggan skeleton (Depths:1)
  2 yaktaurs (shapeshifter)
  4 rime drakes
  A kobold demonologist (Depths:4)
  13 komodo dragons
  8 freezing wraiths
  An efreet (D:12)
  A komodo dragon (shapeshifter) (D:15)
  58 yaktaurs
  2 queen bees
  4 tengu conjurers
  13 demonic crawlers
  A yaktaur skeleton (Depths:1)
  2 wind drakes (Shoals:4)
  A jumping spider (shapeshifter) (D:15)
  3 meliai (D:14)
  12 hornets
  32 merfolk
  A polar bear (Lair:3)
  2 wind drakes (shapeshifter)
  24 jumping spiders
  9 trolls
  A hornet (shapeshifter) (Vaults:2)
  16 blink frogs
  A harpy skeleton (D:15)
  9 dream sheep
  Prince Ribbit (D:6)
  75 slime creatures
  17 hippogriffs
  A blink frog (shapeshifter) (Depths:5)
  12 snapping turtles
  3 dream sheep (shapeshifter)
  A centaur simulacrum (D:14)
  11 shadows
  33 tarantellas
  71 redbacks
  A spriggan (shapeshifter) (Depths:3)
  17 wraiths
  3 spriggans (Depths:4)
  24 water elementals
  3 vampires
  Grum (Lair:1)
  3 basilisks (shapeshifter)
  2 tarantellas (shapeshifter)
  6 wyverns
  38 yaks
  A human (shapeshifter) (Depths:4)
  5 fire elementals
  8 basilisks
  3 hungry ghosts
  A warg (shapeshifter) (Vaults:2)
  2 steam dragons
  13 vampire mosquitoes
  An acid dragon (D:12)
  11 soldier ants
  5 wargs
  6 porcupines
  A soldier ant (shapeshifter) (D:14)
  7 hell hounds
  11 water moccasins
  37 orc warriors
  17 ice beasts
  3 black bears
  A hornet zombie (D:10)
  2 sky beasts
  A tengu (shapeshifter) (Vaults:4)
  3 eyes of draining
  9 phantoms
  32 boggarts
  3 necrophages
  15 centaurs
  13 wolves
  32 ogres
  20 crocodiles
  2 big kobolds (Depths:4)
  23 bullfrogs
  4 earth elementals (Spider:3)
  A wyvern zombie (D:12)
  3 scorpions
  A wyvern skeleton (D:11)
  59 killer bees
  A troll zombie (D:9)
  2 human simulacra
  12 wights
  2 electric eels
  8 howler monkeys
  10 crimson imps
  5 lava snakes (Lair:6)
  A quasit (D:7)
  Crazy Yiuf (D:5)
  A bullfrog zombie (D:7)
  34 orc wizards
  7 jellies
  A bullfrog skeleton (D:12)
  21 orc priests
  5 centaur skeletons
  5 hounds
  5 iguanas
  28 worker ants
  2 killer bee zombies
  7 ogre zombies (D:9)
  A hound zombie (D:5)
  A worker ant zombie (D:11)
  7 gnolls
  13 adders
  A river rat (D:6)
  4 shadow imps
  12 oozes
  6 adder skeletons
  6 worms
  15 leopard geckos
  114 orcs
  6 bats
  A bat zombie (D:3)
  13 giant cockroaches
  3 goblins
  10 hobgoblins
  15 jackals
  2 quokkas
  11 ball pythons
  8 frilled lizards
  A giant cockroach zombie (D:6)
  A goblin skeleton (D:9)
  5 goblin zombies (D:9)
  2 hobgoblin skeletons (D:9)
  2 hobgoblin zombies (D:9)
  3 kobolds
  A leopard gecko zombie (D:6)
  3 orc skeletons (D:9)
  12 orc zombies (D:9)
  A quokka skeleton (D:6)
  10 rats
  A rat zombie (D:3)
  4 tentacles (Shoals:3)
2200 creatures vanquished.

Vanquished Creatures (collateral kills)
  A golden dragon (Depths:5)
  An emperor scorpion (Spider:1)
  An entropy weaver (Spider:1)
  An ettin (Vaults:5)
  A merfolk impaler (Shoals:4)
  A yaktaur captain (Vaults:5)
  An ice dragon (Depths:5)
  A deep troll shaman (Vaults:5)
  3 orb spiders (Spider:4)
  An orc sorcerer (Vaults:4)
  A komodo dragon (Lair:2)
  3 merfolk (Shoals:4)
  13 soldier ants (Spider:1)
  3 worker ants (Spider:1)
  An orc (Vaults:4)
33 creatures vanquished.

Vanquished Creatures (others)
  A fire giant (Depths:5)
  A very ugly thing (Vaults:3)
  A stone giant (Vaults:5)
  2 merfolk impalers
  An ogre mage (Depths:2)
  A centaur warrior (Vaults:3)
  A wizard (Vaults:3)
  3 yaktaurs
  A redback (Spider:3)
  A fire giant simulacrum (Vaults:2)
  A tarantella (Vaults:4)
  4 humans (Spider:3)
  An orc warrior (Vaults:4)
  3 centaurs
  An orc priest (D:12)
  An orc wizard (D:12)
  An orc (Vaults:4)
  A briar patch (Depths:1)
  4 fungi
  27 plants
  5 tentacles (Shoals:3)
62 creatures vanquished.

Grand Total: 2295 creatures vanquished

Notes
Turn   | Place    | Note
-------+----------+-------------------------------------------
     0 | D:1      | Curus the Minotaur Berserker began the quest for the Orb.
     0 | D:1      | Reached XP level 1. HP: 19/19 MP: 0/0
   525 | D:2      | Reached XP level 2. HP: 26/26 MP: 1/1
   536 | D:2      | Reached skill level 5 in Long Blades
   536 | D:2      | Reached XP level 3. HP: 15/31 MP: 2/2
   686 | D:2      | Reached XP level 4. HP: 33/39 MP: 3/3
  1072 | D:2      | Reached ** piety under Trog
  1586 | D:3      | Reached XP level 5. HP: 12/45 MP: 4/4
  1866 | D:3      | Found a shadowy altar of Dithmenos.
  1866 | D:3      | Found a shimmering blue altar of Sif Muna.
  1866 | D:3      | Found a snail-covered altar of Cheibriados.
  1866 | D:3      | Found a sparkling altar of Nemelex Xobeh.
  2236 | D:3      | Found an ancient bone altar of Kikubaaqudgha.
  2399 | D:3      | Reached XP level 6. HP: 51/51 MP: 5/5
  2880 | D:4      | Reached *** piety under Trog
  3015 | D:4      | Reached XP level 7. HP: 13/57 MP: 6/6
  3307 | D:4      | Reached skill level 10 in Long Blades
  3732 | D:5      | Entered Level 5 of the Dungeon
  4166 | D:5      | Found a staircase to the Ecumenical Temple.
  4174 | D:5      | Reached **** piety under Trog
  4174 | D:5      | Reached XP level 8. HP: 47/64 MP: 7/7
  4418 | D:5      | Found a runed translucent door.
  4419 | D:5      | Noticed Crazy Yiuf
  4787 | D:5      | Killed Crazy Yiuf
  5036 | D:6      | Found a glowing drain.
  5040 | Sewer    | Entered a sewer
  5224 | Sewer    | Reached ***** piety under Trog
  5406 | D:6      | Found a hazy altar of Hepliaklqana.
  5472 | D:6      | Gained mutation: You expend magic power (3 MP) to
                  | strengthen your wands. [potion of mutation]
  5472 | D:6      | Gained mutation: Your system is resistant to poisons.
                  | (rPois) [potion of mutation]
  5472 | D:6      | Gained mutation: You occasionally shout uncontrollably at
                  | your foes. [potion of mutation]
  5472 | D:6      | Gained mutation: You have large cloven feet. [potion of
                  | mutation]
  5517 | D:6      | Found Ocoviuk's Magic Scroll Emporium.
  5529 | D:6      | Bought 3 scrolls of teleportation for 108 gold pieces
  5529 | D:6      | Bought 3 scrolls of teleportation for 108 gold pieces
  5586 | D:6      | Noticed Prince Ribbit
  5754 | D:6      | Bought a scroll of enchant weapon for 90 gold pieces
  5878 | D:7      | Reached XP level 9. HP: 61/70 MP: 8/8
  6331 | D:7      | Found a hide-covered altar of Uskayaw.
  6457 | D:7      | Found a white marble altar of Elyvilon.
  6530 | D:7      | Reached skill level 15 in Long Blades
  6771 | D:7      | Reached skill level 5 in Fighting
  6929 | D:8      | Reached skill level 5 in Armour
  7212 | D:8      | Reached XP level 10. HP: 83/83 MP: 9/9
  7958 | D:6      | Bought a scroll of enchant weapon for 90 gold pieces
  8209 | D:9      | Found a radiant altar of Vehumet.
  8300 | D:9      | Found a staircase to the Lair.
  8305 | Lair:1   | Entered Level 1 of the Lair of Beasts
  8347 | Lair:1   | Noticed Sonja
  8360 | Lair:1   | Noticed a seven-headed hydra
  8371 | Lair:1   | Killed a 12-headed hydra
  8518 | Lair:1   | Noticed Grum
  8522 | Lair:1   | Noticed a four-headed hydra
  8546 | Lair:1   | Killed a seven-headed hydra
  8546 | Lair:1   | Reached skill level 5 in Evocations
  8550 | Lair:1   | Killed Grum
  8880 | Lair:1   | Noticed a black mamba
  8889 | Lair:1   | Killed a black mamba
  9047 | Lair:1   | Reached XP level 11. HP: 70/94 MP: 10/14
  9222 | Lair:1   | Noticed Fannar
  9252 | Lair:1   | Killed Fannar
  9280 | Lair:1   | Identified a scroll of acquirement
  9480 | Lair:1   | Killed Sonja
 10235 | Lair:2   | Received a gift from Trog
 10450 | Lair:2   | Reached skill level 10 in Fighting
 10492 | Lair:2   | Reached skill level 10 in Armour
 10789 | Lair:2   | Got a transparent chain mail
 11002 | Lair:2   | Reached XP level 12. HP: 108/108 MP: 17/17
 11211 | Lair:2   | Found a hole to the Spider Nest.
 11531 | Lair:2   | Identified the +1 chain mail "Dainynav" {rPois MR+ Str-3
                  | Int+4} (You found it on level 2 of the Lair of Beasts)
 11533 | Lair:3   | Found a transporter.
 11533 | Lair:3   | Found a transporter.
 11533 | Lair:3   | Noticed grerr's ghost (journeyman DEWz)
 11765 | Lair:3   | Received a gift from Trog
 11772 | Lair:3   | Found a staircase to the Shoals.
 12025 | D:6      | Bought a scroll of acquirement for 624 gold pieces
 12070 | D:6      | Killed Prince Ribbit
 12074 | D:6      | Got a steaming crystal plate armour
 12085 | D:6      | Identified the +0 crystal plate armour "Ottios" {MR+ rCorr
                  | Str+7 Int-3} (You acquired it on level 6 of the Dungeon)
 12140 | D:9      | Reached ****** piety under Trog
 12141 | D:9      | Found a staircase to the Orcish Mines.
 12663 | Lair:3   | Got a glittering wooden ring
 12669 | Lair:3   | Identified the ring of Ikarchoh {MP+9 Dex+3} (You found it
                  | on level 3 of the Lair of Beasts)
 13241 | Lair:4   | Received a gift from Trog
 14024 | Lair:5   | Reached XP level 13. HP: 122/122 MP: 18/18
 14682 | Lair:6   | Entered Level 6 of the Lair of Beasts
 14894 | Lair:6   | Found a staircase to the Slime Pits.
 15344 | Lair:6   | Noticed a fire dragon
 15369 | Lair:6   | Found a large runed translucent door.
 15613 | Lair:6   | Found a large runed translucent door.
 15690 | Lair:6   | Found a runed translucent door.
 15691 | Lair:6   | Found a shimmering altar of Xom.
 15691 | Lair:6   | Noticed Hest's ghost (journeyman TeBe)
 16041 | Lair:6   | Killed a fire dragon
 16041 | Lair:6   | Reached skill level 15 in Fighting
 16145 | Lair:6   | Killed Hest's ghost
 16151 | Lair:6   | Reached skill level 15 in Armour
 16247 | Lair:3   | Killed grerr's ghost
 16251 | Lair:3   | Received a gift from Trog
 16540 | D:9      | You fall into a shaft and drop 1 floor!
 16540 | D:10     | Entered Level 10 of the Dungeon
 17328 | Orc:1    | Entered Level 1 of the Orcish Mines
 17372 | Orc:1    | Reached skill level 1 in Shields
 17387 | Orc:1    | Found a roughly hewn altar of Beogh.
 17577 | Orc:2    | Entered Level 2 of the Orcish Mines
 17577 | Orc:2    | Found a staircase to the Elven Halls.
 17581 | Orc:2    | Noticed Maurice
 17592 | Orc:2    | Killed Maurice
 17594 | Orc:2    | Noticed Azrael
 17600 | Orc:2    | Noticed an ettin
 17607 | Orc:1    | Reached XP level 14. HP: 114/136 MP: 19/19
 17730 | Orc:2    | Noticed Jorgrun
 17876 | Orc:2    | Killed Azrael
 17876 | Orc:2    | Reached skill level 5 in Shields
 17927 | Orc:2    | Killed Jorgrun
 18062 | Orc:2    | Received a gift from Trog
 18248 | Orc:2    | Noticed Saint Roka
 18284 | Orc:1    | Killed Saint Roka
 18302 | Orc:2    | Found a burning altar of Makhleb.
 18337 | Orc:2    | Found Tosail's Antique Armour Shop.
 18727 | Orc:2    | Bought the +3 warlock's mirror {reflect} for 1200 gold
                  | pieces
 18727 | Orc:2    | Found the +3 warlock's mirror {reflect}
 19040 | Orc:2    | Found Hingi's Jewellery Shoppe.
 19040 | Orc:2    | Found Kyzus's General Store.
 19042 | Orc:2    | Found Doffuel's Antique Weapon Shoppe.
 19042 | Orc:2    | Found Tethrefus's Distillery.
 19051 | Orc:2    | Bought a potion of curing for 39 gold pieces
 19392 | D:11     | Found Ypsod's Gadget Boutique.
 19462 | D:11     | Received a gift from Trog
 19943 | D:12     | Found a white marble altar of Elyvilon.
 20193 | D:12     | Reached XP level 15. HP: 146/146 MP: 20/20
 20690 | D:13     | Received a gift from Trog
 20964 | D:13     | Found a runed translucent gate.
 20965 | D:13     | Found a runed translucent gate.
 20997 | D:13     | Noticed Johnny's ghost (journeyman TrBe)
 21001 | D:13     | Found a runed translucent gate.
 21292 | D:13     | Killed Johnny's ghost
 21498 | D:14     | Found a frozen archway.
 21518 | IceCv    | Entered an ice cave
 21619 | IceCv    | Received a gift from Trog
 21656 | IceCv    | Found the ring of Robustness {AC+8}
 22208 | D:14     | Found a gate to the Vaults.
 22811 | D:15     | Entered Level 15 of the Dungeon
 22982 | D:15     | Received a gift from Trog
 23019 | D:15     | Found a staircase to the Depths.
 23912 | Orc:2    | Bought a +4 amulet of reflection for 378 gold pieces
 23917 | Orc:2    | Bought a potion of haste for 130 gold pieces
 23917 | Orc:2    | Bought a potion of resistance for 130 gold pieces
 23917 | Orc:2    | Bought a potion of heal wounds for 65 gold pieces
 23917 | Orc:2    | Bought a potion of heal wounds for 65 gold pieces
 23922 | Orc:2    | Bought a scroll of enchant armour for 97 gold pieces
 24085 | Shoals:1 | Entered Level 1 of the Shoals
 24085 | Shoals:1 | Found Eluixeess's Distillery.
 24148 | Shoals:1 | You fall into a shaft and drop 1 floor!
 24156 | Shoals:2 | Reached XP level 16. HP: 159/159 MP: 7/21
 25925 | Shoals:3 | Noticed a kraken
 25940 | Shoals:3 | Killed a kraken
 26136 | Shoals:3 | Received a gift from Trog
 26433 | Shoals:3 | Found Azimalit's Distillery.
 26575 | Shoals:3 | Bought 2 potions of curing for 90 gold pieces
 26575 | Shoals:3 | Bought a potion of curing for 45 gold pieces
 26803 | Spider:1 | Entered Level 1 of the Spider Nest
 26891 | Spider:1 | Received a gift from Trog
 26920 | Spider:1 | Received a gift from Trog
 27221 | Spider:1 | Received a gift from Trog
 27236 | Spider:1 | Reached XP level 17. HP: 170/170 MP: 10/22
 28293 | Spider:3 | Noticed Kirke
 28299 | Spider:3 | Killed Kirke
 28335 | Spider:3 | Received a gift from Trog
 28494 | Spider:3 | Noticed Bai Suzhen
 28495 | Spider:3 | Noticed Arachne
 28920 | Spider:3 | Noticed Nikola
 28955 | Spider:2 | Killed Bai Suzhen
 29333 | Spider:3 | Killed Arachne
 29522 | Spider:3 | Killed Nikola
 29710 | Shoals:3 | Bought a potion of experience for 750 gold pieces
 29856 | D:9      | Reached XP level 18. HP: 183/183 MP: 7/23
 30007 | Depths:1 | Entered Level 1 of the Depths
 30032 | Depths:1 | Received a gift from Trog
 30054 | Depths:1 | Found a one-way gate leading to the halls of Pandemonium.
 30324 | Depths:1 | Found a gateway to Hell.
 30563 | Depths:1 | Reached XP level 19. HP: 186/191 MP: 8/24
 30952 | Depths:1 | Received a gift from Trog
 30970 | Depths:2 | You fall into a shaft and drop 1 floor!
 31270 | Depths:2 | Paralysed by a great orb of eyes for 4 turns
 32177 | Depths:2 | Found a runed translucent door.
 32299 | Depths:2 | Noticed a juggernaut
 32468 | Depths:2 | Received a gift from Trog
 32786 | Depths:2 | Got a pair of shimmering gloves
 32797 | Depths:2 | Identified the cursed -1 pair of gloves "Oqaug" {Str+3
                  | Int+4} (You found it on level 2 of the Depths)
 33785 | Depths:3 | Received a gift from Trog
 33788 | Depths:3 | Reached XP level 20. HP: 205/205 MP: 25/25
 34203 | Depths:3 | Noticed a caustic shrike
 34212 | Depths:3 | Killed a caustic shrike
 34544 | D:6      | Bought a scroll of acquirement for 624 gold pieces
 34544 | D:6      | Upgraded the game from 0.24.0-29-g8ce449bc06 to
                  | 0.24.0-35-gdb84b6a5db
 34778 | Shoals:4 | Entered Level 4 of the Shoals
 34972 | Shoals:4 | Received a gift from Trog
 35143 | Shoals:4 | Noticed Ilsuiw
 35750 | Shoals:4 | Got a barnacled rune of Zot
 35927 | Spider:4 | Entered Level 4 of the Spider Nest
 36055 | Spider:4 | Noticed Aizul
 36070 | Spider:4 | Killed Aizul
 36198 | Spider:4 | Received a gift from Trog
 36730 | Spider:4 | Reached XP level 21. HP: 34/217 MP: 3/26
 37150 | Spider:4 | Got a gossamer rune of Zot
 37574 | Vaults:1 | Entered Level 1 of the Vaults
 37579 | Vaults:1 | Received a gift from Trog
 38585 | Vaults:1 | Received a gift from Trog
 39597 | Vaults:2 | Noticed Margery
 39598 | Vaults:2 | Received a gift from Trog
 39616 | Vaults:2 | Killed Margery
 39806 | Vaults:2 | Found a staircase to the Crypt.
 40526 | Vaults:3 | Received a gift from Trog
 40551 | Vaults:3 | Reached XP level 22. HP: 182/231 MP: 27/27
 41209 | Vaults:3 | Received a gift from Trog
 41433 | Vaults:3 | Found a portal to a secret trove of treasure.
 42003 | Shoals:4 | Killed Ilsuiw
 42842 | Vaults:4 | Reached skill level 27 in Fighting
 42897 | Vaults:4 | Reached skill level 27 in Armour
 42920 | Vaults:4 | Reached skill level 10 in Shields
 42935 | Vaults:4 | Received a gift from Trog
 43009 | Vaults:4 | Found a runed translucent gate.
 43009 | Vaults:4 | Found a runed translucent gate.
 43009 | Vaults:4 | Found a runed translucent gate.
 43102 | Vaults:4 | Noticed Donald
 43118 | Vaults:4 | Killed Donald
 43547 | Vaults:4 | Received a gift from Trog
 44164 | Vaults:4 | Identified the +4 rapier of Indomitability {drain, *Slow
                  | Str-2 Int+4 Dex+7}
 44164 | Vaults:4 | Noticed tamionv's ghost (adept GrFi)
 44168 | Vaults:4 | Found an iron altar of Okawaru.
 44200 | Vaults:4 | Killed tamionv's ghost
 44910 | Depths:2 | Identified the +8 hand axe of Responsibility {pain, rF+
                  | MP-9 Dex+4}
 44915 | Depths:2 | Killed a juggernaut
 44915 | Depths:2 | Reached XP level 23. HP: 220/240 MP: 28/28
 44944 | Depths:2 | Noticed a juggernaut
 44959 | Depths:2 | Identified the ring "Faoc" {Ice *Corrode rElec Str-4 Dex+8}
 44967 | Depths:2 | Killed a juggernaut
 44998 | Depths:2 | Received a gift from Trog
 45124 | Depths:2 | Noticed a caustic shrike
 45124 | Depths:2 | Noticed a caustic shrike
 45269 | Depths:2 | Killed a caustic shrike
 45277 | Depths:2 | Killed a caustic shrike
 45354 | Depths:2 | Paralysed by a sphinx for 5 turns
 45583 | Depths:4 | Reached skill level 15 in Shields
 46239 | Depths:4 | Received a gift from Trog
 46394 | Depths:4 | Noticed Jory
 46427 | Depths:4 | HP: 12/240 [Jory/crystal spear (79)]
 46430 | Depths:4 | Killed Jory
 47121 | Depths:4 | Found a one-way gate to the infinite horrors of the Abyss.
 47732 | Depths:4 | Noticed Xtahua
 47743 | Depths:4 | Killed Xtahua
 47860 | Depths:4 | Reached XP level 24. HP: 136/249 MP: 28/28
 48254 | Depths:5 | Entered Level 5 of the Depths
 48280 | Depths:5 | Received a gift from Trog
 48310 | Depths:5 | Found a gateway to a ziggurat.
 48512 | Depths:5 | Found a gate to the Realm of Zot.
 49482 | Depths:5 | Received a gift from Trog
 50499 | Vaults:3 | You paid a toll of a +6 demon blade to enter a treasure
                  | trove
 50500 | Trove    | Entered a treasure trove
 50654 | Vaults:5 | Entered Level 5 of the Vaults
 50732 | Vaults:5 | Noticed an ancient lich
 50747 | Vaults:5 | Killed an ancient lich
 50803 | Vaults:5 | Got a silver rune of Zot
 51161 | Vaults:5 | Received a gift from Trog
 51175 | Vaults:5 | Identified the ring "Nedeiq" {rC+ MR+}
 51226 | Vaults:5 | Noticed an ancient lich
 51250 | Vaults:5 | Killed an ancient lich
 51250 | Vaults:5 | Reached XP level 25. HP: 56/257 MP: 28/28
 51255 | Vaults:5 | HP: 12/257 [ettin/cursed +0 dire flail (11)]
 51293 | Vaults:5 | Hit by a large rock thrown by a stone giant

Levels and vault maps discovered:
D:1:      minmay_arrival_five_plusses, layout_loops_ring, item_on_display_a
D:2:      layout_basic, minmay_box_of_dots
D:3:      layout_loops_cross, lemuel_zombie_altar_kikubaaqudgha,
          grunt_temple_overflow_cloverleaf, serial_bayou_lagoon_a
D:4:      layout_cave_pools
D:5:      layout_loops_ring, minmay_temple_entry_crystal_x, first_ration,
          uniq_crazy_yiuf_cottage
D:6:      layout_loops_ring, lemuel_crystal_altar, serial_shops, shop_statue,
          gup_sewer_entry_spiral, uniq_prince_ribbit1
D:7:      minmay_polygon_palace, layout_loops_ring, lemuel_crystal_altar,
          overflow_temple_1_default
D:8:      layout_layer_cave
D:9:      layout_loops_ring, vehumet_crystals, lair_entry_dummy,
          zombieorc2_lemuel, chequers_serial_rivers_marsh
D:10:     layout_long_grid
D:11:     layout_roguey, serial_shops, shop
D:12:     layout_loops_ring, basic_altar
D:13:     layout_loops_ring, gammafunk_ghost_split,
          hangedman_little_slice_of_home, drop_trap
D:14:     layout_basic, skrybe_vaults_entry_preservation,
          portal_ice_cave_entry_pillars_1, minmay_shattered_shrine
D:15:     gammafunk_enter_depths_forms, layout_rooms, chequers_big_river
Lair:1:   layout_cave_pods, beast_lair_carwin_3, uniq_grum, uniq_sonja,
          uniq_fannar
Lair:2:   regret_index_wax_grids, layout_small_grid,
          spider_nest_entry_funnel_web, serial_forest,
          infiniplex_forest_straight_2, infiniplex_forest_clump_small,
          infiniplex_forest_clump_curved, infiniplex_forest_straight_2,
          infiniplex_forest_straight_3, infiniplex_forest_clump_diagonal,
          serial_bayou_pond_a
Lair:3:   wander_river, layout_regular_city, minmay_shoals_entry_lonely_mermaid,
          gammafunk_ghost_arena, gammafunk_lair_bear_cave
Lair:4:   layout_small_grid, minivault_24
Lair:5:   layout_long_grid, grunt_megastairs_4
Lair:6:   cheibrodos_lair_end_hotspot, layout_regular_city,
          dpeg_slime_entry_corner, ebering_ghost_xom
Shoals:1: layout_shoals, serial_shops, shop
Shoals:2: layout_shoals
Shoals:3: layout_shoals, serial_shops, nicolae_shop_waterfront
Shoals:4: shoals_end_simple, layout_shoals, shoal_ilsuiw
Spider:1: layout_spider_delve, minivault_29, hangedman_spider_tarantella_strand
Spider:2: layout_spider_delve
Spider:3: layout_spider_delve, hangedman_stitches_earthworm, uniq_arachne,
          uniq_nikola, uniq_bai_suzhen, uniq_kirke
Spider:4: grunt_spider_rune_circles, uniq_aizul
Orc:1:    layout_diamond_mine, mines1_david
Orc:2:    grunt_orc_tribal_feast, layout_diamond_mine, serial_shops,
          nicolae_shop_statue_plus, basic_altar, nicolae_orc_tapped_out,
          uniq_saint_roka, uniq_maurice, uniq_azrael, uniq_jorgrun
Vaults:1: nicolae_vaults_arrows, ontoclasm_vaults_chip,
          hangedman_vaults_capsules, nicolae_vaults_shelves_hall,
          hangedman_vaults_variations, vaults_room_pool, vaults_room_hallway,
          nicolae_vaults_statue_guard, layout_vaults_maze_bifur
Vaults:2: st_octagons_1, nicolae_vaults_little_squares_3,
          hangedman_vaults_stream, v_misc_16, nicolae_vaults_sealed_display,
          hangedman_vaults_trim, layout_vaults_omnigrid, uniq_margery
Vaults:3: v_misc_19, v_misc_4, grunt_vaults_hallway_short,
          hangedman_vaults_slice, v_pattern_1, v_alt_pattern_2, v_misc_26,
          hangedman_vaults_stitches, nicolae_vaults_diagonal_hallway_6,
          nicolae_vaults_ring_of_whatevers, nicolae_vaults_murderbox,
          layout_vaults_big_cross, enter_trove_3
Vaults:4: gammafunk_vaults_ghost_fury_of_okawaru, hangedman_vaults_nodes,
          nicolae_vaults_network_star, vaults_dpeg_hooks,
          nicolae_vaults_little_squares_1, nicolae_vaults_theta, v_misc_18,
          vaults_room_fancy_cross, hangedman_vaults_trim,
          vaults_standard_mumra_enter_the_diamond, ontoclasm_vaults_twist,
          ontoclasm_vaults_gateway, serial_ice_h, dpeg_vaults_monster_box,
          nicolae_vaults_little_squares_1, layout_vaults_omnibox, uniq_donald
Vaults:5
Depths:1: dpeg_oklob_gauntlet, layout_long_grid, serial_sigils_hangedman_gut,
          rand_demon_pan_entry_5, hell_entry, minislime_mu
Depths:2: box_level_dp, pan_entry, hell_entry
Depths:3: minmay_glassy_protrusions, layout_gridlike, hell_entry, pan_entry,
          minmay_misc_feat_four_crosses, infiniplex_staircase_river,
          grunt_megastairs_2
Depths:4: due_jory_tower, layout_gridlike, hell_entry,
          marbit_kobold_abyss_entry, infiniplex_staircase_pillars_1, uniq_xtahua
Depths:5: grunt_x_marks_the_spot, layout_basic, enter_ziggurat_a,
          pf_hell_entry_tar_river

Skill      XL: |  1  2  3  4  5  6  7  8  9 10 11 12 13 14 15 16 17 18 19 20 21 22 23 24 |
---------------+-------------------------------------------------------------------------+-----
Long Blades    | 4 5 6 7 8 9 11 13 15 16 18 20 22 | 22.7
Fighting       | 6 8 10 13 15 16 18 20 21 22 23 25 26 27 | 27.0
Armour         | 5 7 10 13 15 16 18 20 21 22 23 25 26 27 | 27.0
Evocations     | 6 8 |  8.0
Shields        | 2 9 13 16 19 | 19.7
Dodging        | |  2.1

Action                   |  1- 3 |  4- 6 |  7- 9 | 10-12 | 13-15 | 16-18 | 19-21 | 22-24 | 25-27 || total
-------------------------+-------+-------+-------+-------+-------+-------+-------+-------+-------++-------
Melee: Falchion          |    43 |   155 |       |       |       |       |       |       |       ||   198
       Headbutt          |     7 |    31 |    97 |   161 |   400 |   387 |   562 |   597 |     9 ||  2251
       Long sword        |       |    46 |   455 |       |       |       |       |       |       ||   501
       Scimitar          |       |       |    11 |   264 |       |       |       |       |       ||   275
       Great sword       |       |       |       |   133 |       |       |       |       |       ||   133
       Demon blade       |       |       |       |   231 |   814 |    11 |       |       |       ||  1056
       Double sword      |       |       |       |       |   396 |  1055 |  1583 |  1678 |    33 ||  4745
Invok: Berserk           |     2 |     1 |     4 |     4 |     6 |     8 |     9 |     7 |       ||    41
       Trog's Hand       |       |     1 |       |     2 |     1 |       |     2 |     4 |     2 ||    12
       Brothers in Arms  |       |       |       |     1 |     1 |     1 |     3 |     4 |     3 ||    13
 Abil: Evoke Flight      |       |       |       |     1 |     3 |     8 |     3 |     1 |       ||    16
Evoke: Wand              |       |       |       |     3 |     7 |     7 |    10 |     6 |       ||    33
  Use: Potion            |     6 |     3 |     2 |     1 |       |     5 |     3 |     3 |     2 ||    25
       Scroll            |     5 |     5 |     7 |     7 |     9 |     3 |     6 |     5 |     1 ||    48
 Stab: Invisible         |       |     2 |       |       |       |       |       |       |       ||     2
       Paralysed         |       |       |       |     2 |       |     3 |       |     1 |       ||     6
       Held in net/web   |       |       |       |       |       |       |     2 |       |       ||     2
       Petrifying        |       |       |       |       |       |       |     1 |       |       ||     1
       Distracted        |       |       |       |       |       |       |       |     1 |       ||     1
  Eat: Chunk             |       |    10 |    13 |    14 |    19 |    18 |    29 |    27 |       ||   130
       Ration            |       |       |     2 |     4 |     7 |     3 |     5 |     6 |       ||    27
Armor: Leather armour    |    16 |    10 |       |       |       |       |       |       |       ||    26
       Scale mail        |       |    17 |       |       |       |       |       |       |       ||    17
       Chain mail        |       |    79 |   125 |       |       |       |       |       |       ||   204
       Plate armour      |       |       |    67 |   245 |       |       |       |       |       ||   312
       Crystal plate arm |       |       |       |    87 |   562 |   649 |  1051 |   418 |       ||  2767
       Gold dragon scale |       |       |       |       |       |       |       |   467 |    24 ||   491
Dodge: Dodged            |    30 |   103 |   158 |   230 |   212 |   358 |   655 |   434 |     9 ||  2189
       Deflected         |       |       |       |       |    18 |    49 |       |       |       ||    67
Block: Shield            |       |       |       |       |    82 |       |       |       |       ||    82
       Buckler           |       |       |       |       |   236 |   705 |  1055 |  1037 |    28 ||  3061
       Reflection        |       |       |       |       |    18 |    75 |    88 |   110 |     3 ||   294
       Rpst.: Falchion   |    10 |    18 |       |       |       |       |       |       |       ||    28
       Long sword        |       |     6 |    37 |       |       |       |       |       |       ||    43
       Scimitar          |       |       |     1 |    29 |       |       |       |       |       ||    30
       Great sword       |       |       |       |    16 |       |       |       |       |       ||    16
       Demon blade       |       |       |       |    18 |    26 |     2 |       |       |       ||    46
       Double sword      |       |       |       |       |    23 |    64 |   114 |    76 |     3 ||   280
